 Dungeon Crawl Stone Soup version 0.23-a0-143-g1adec7bb76 (webtiles) character file.

63 Flugkiller the Sneak (level 3, -7/16 HPs)
             Began as a Spriggan Enchanter on Sept 3, 2018.
             Mangled by Grinder (11 damage)
             ... on level 3 of the Dungeon.
             The game lasted 00:09:41 (3352 turns).

Flugkiller the Sneak (Spriggan Enchanter)           Turns: 3352, Time: 00:09:42

Health: -7/16      AC:  2    Str:  4    XL:     3   Next: 87%
Magic:  3/8        EV: 18    Int: 16    God:
Gold:   90         SH:  0    Dex: 17    Spells: 1/7 levels left

rFire    . . .     SeeInvis +   a - +1 dagger
rCold    . . .     Gourm    .   (shield restricted)
rNeg     . . .     Faith    .   b - +0 robe
rPois    .         Spirit   .   (helmet restricted)
rElec    .         Reflect  .   m - scarf {repulsion}
rCorr    .         Harm     .   (gloves unavailable)
MR       .....                  (boots unavailable)
Stlth    +++.......             (no amulet)
HPRegen  0.05/turn              (no ring)
MPRegen  0.11/turn              (no ring)

@: repel missiles, very quick
A: very small, unfitting armour, see invisible, herbivore, speed 3, slow
metabolism 2
a: no special abilities


You were on level 3 of the Dungeon.
You were not hungry.

You visited 1 branch of the dungeon, and saw 3 of its levels.

You collected 90 gold pieces.

Inventory:

Hand Weapons
 a - a +1 dagger (weapon)
Missiles
 e - 8 tomahawks of dispersal (quivered)
 i - 94 stones
Armour
 b - a +0 robe (worn)
 m - a scarf of repulsion (worn)
Jewellery
 j - an uncursed ring of positive energy {unknown}
Scrolls
 c - 2 scrolls of remove curse {unknown}
 f - 2 scrolls of immolation {unknown}
 g - 5 scrolls of identify {unknown}
 h - 2 scrolls of teleportation {unknown}
 k - 3 scrolls of enchant weapon {unknown}
 o - a scroll of fog {unknown}
 p - a scroll of magic mapping {unknown}
 q - a scroll of blinking {unknown}
 r - a scroll of enchant armour {unknown}
Potions
 l - a potion of lignification {unknown}
 n - a potion of heal wounds {unknown}
Comestibles
 d - 4 rations


   Skills:
 + Level 3.0 Short Blades
 - Level 3.0 Dodging
 + Level 6.1 Stealth
 - Level 2.6 Spellcasting
 - Level 3.6 Hexes


You had one spell level left.
You knew the following spells:

 Your Spells              Type           Power        Failure   Level  Hunger
a - Corona                Hex            ##.....      4%          1    #......
b - Ensorcelled Hibernat  Hex/Ice        #.....       14%         2    ##.....
c - Confuse               Hex            ##......     13%         3    ###....

Your spell library contained the following spells:

 Spells                   Type           Power        Failure   Level  Hunger
 Tukima's Dance           Hex            ##......     13%         3    ###....
 Dazzling Spray           Conj/Hex       #.....       28%         3    ###....


Dungeon Overview and Level Annotations

Branches:
Dungeon (3/15)

Altars:
Hepliaklqana
Makhleb
Trog

Annotations:
D:3 Grinder


Innate Abilities, Weirdness & Mutations

You are very small and have problems with some larger weapons.
You are too small for most types of armour.
You have supernaturally acute eyesight. (SInv)
You are a herbivore.
You cover ground extremely quickly.
You need to consume almost no food.


Message History

Grinder misses you.
You hit Grinder but do no damage.
Grinder is lightly wounded.
You catch the helpless Grinder completely off-guard!
You puncture Grinder!
Grinder is heavily wounded.
You hit Grinder but do no damage.
Grinder is heavily wounded.
You hit Grinder.
Grinder is heavily wounded.
Grinder hits you!
Ouch! That really hurt!
You writhe in agony.
* * * LOW HITPOINT WARNING * * *
You are too injured to fight recklessly!
You hit Grinder but do no damage.
Grinder is heavily wounded.
Grinder hits you!
Ouch! That really hurt!
You die...

#....# #....#.# #....#)#...
.#.#.. ##....#.#... .....
#.....#.#..#######..#.#.#.
#.....#.#..#.....#........
#.....#.#..#.....#.#.#.#.#
#.....#.#..#.....#....%....
##.......#..#.5@...#.#.#.#.#
##.#.#.#.#.#.#.###............
#.8...8...8...8....#.#.#.#.#.#.
##.#.#.#.#.#.#.#...............
#...8...8...8.......#.#.#.#.#.#
##.#.#.#.#.#.#.###+#............
#.8...8...8...8......#.#.#.#.#[.
##.#.#.#.#.#.#.######.........##
#...8.†.8...8.........#.#.#.#...


You could see Grinder (confused).

Vanquished Creatures
  An adder (D:2)
  2 oozes (D:1)
  2 worms (D:2)
  2 dart slugs (D:1)
  2 leopard geckos (D:1)
  A giant cockroach (D:1)
  6 goblins
  2 jackals (D:1)
  A quokka (D:2)
  5 bats
  4 frilled lizards (D:2)
  4 kobolds
  5 rats
37 creatures vanquished.

Notes
Turn   | Place    | Note
-------+----------+-------------------------------------------
     0 | D:1      | Flugkiller the Spriggan Enchanter began the quest for the
                  | Orb.
     0 | D:1      | Reached XP level 1. HP: 9/9 MP: 5/5
   627 | D:1      | Reached XP level 2. HP: 13/13 MP: 4/6
   648 | D:1      | Learned a level 2 spell: Ensorcelled Hibernation
   808 | D:1      | Reached skill level 5 in Stealth
  1633 | D:1      | Reached XP level 3. HP: 12/16 MP: 6/8
  1647 | D:1      | Learned a level 3 spell: Confuse
  2022 | D:2      | Found a hazy altar of Hepliaklqana.
  2678 | D:2      | Found a bloodstained altar of Trog.
  2717 | D:2      | Found a burning altar of Makhleb.
  2739 | D:2      | Reached skill level 6 in Stealth
  3309 | D:3      | Noticed Grinder
  3309 | D:3      | Paralysed by Grinder for 4 turns
  3352 | D:3      | Mangled by Grinder

Vault maps used:
D:1:      matt_arrival_refuge, minmay_liquid_box
D:2:      old_standard_altar, marbit_many_paths, lightli_temple_of_fire,
          first_ration, kennysheep_generic_room_10
D:3:      nicolae_tso_carved_into_rock, kennysheep_crisscross, hex_medium,
          st_stairs_13, minmay_unequal, uniq_grinder

Skill      XL: |  1  2  3 |
---------------+----------+-----
Stealth        | 5 6 |  6.1
Short Blades   | 2 3 |  3.0
Dodging        | |  3.0
Spellcasting   | |  2.6
Hexes          | |  3.6

Action                   || total
-------------------------++-------
Melee: Dagger            ||   167
 Cast: Corona            ||    23
       Ensorcelled Hiber ||     7
       Confuse           ||     2
 Stab: Sleeping          ||    10
       Confused          ||     1
  Eat: Ration            ||     1
Armor: Robe              ||    14
Dodge: Dodged            ||   126

Table legend:
 A = Non-vault XP
 B = Vault XP
 C = Vault XP percentage of total XP
 D = Non-vault monster count
 E = Vault monster count
 F = Vault count percentage of total count
                 A         B        C        D         E       F
            +---------+---------+-------+---------+---------+-------
      Total |      87 |       3 |   3.3 |      35 |       2 |   5.4
            +---------+---------+-------+---------+---------+-------
        D:1 |      47 |       0 |   0.0 |      19 |       0 |   0.0
        D:2 |      35 |       3 |   7.9 |      12 |       2 |  14.3
        D:3 |       5 |       0 |   0.0 |       4 |       0 |   0.0
            +---------+---------+-------+---------+---------+-------
